 Dungeon Crawl Stone Soup version 0.29.1 (webtiles) character file.

Game seed: 9276302265863853864

3291 EvilAshe the Cleaver (level 10, -1/73 HPs)
             Began as a Human Berserker on Sept 15, 2022.
             Was a Priest of Trog.
             Slain by Joseph
             ... wielding a +0 quarterstaff
              (3 damage)
             ... on level 7 of the Dungeon.
             The game lasted 00:20:37 (8285 turns).

EvilAshe the Cleaver (Human Berserker)              Turns: 8285, Time: 00:20:38

Health: -1/73      AC: 14    Str: 22    XL:     10   Next: 20%
Magic:  10/10      EV:  7    Int:  8    God:    Trog [***...]
Gold:   486        SH:  5    Dex: 24    Spells: 9/9 levels left

rFire   . . .      SeeInvis .   a - +0 broad axe
rCold   . . .      Faith    .   (no shield)
rNeg    . . .      Spirit   .   B - +0 plate armour
rPois   .          Reflect  +   D - +0 helmet
rElec   .          Harm     .   (no cloak)
rCorr   .          Rampage  .   (no gloves)
Will    .....                   o - +0 pair of boots
Stlth   ..........              k - amulet of reflection
HPRegen 0.22/turn               s - +6 ring of dexterity
MPRegen 0.12/turn               p - +6 ring of dexterity

@: on berserk cooldown, slowed, very slow
A: no striking features
a: Renounce Religion, Berserk, Trog's Hand


You were on level 7 of the Dungeon.
You worshipped Trog.
Trog was most pleased with you.
You visited 1 branch of the dungeon, and saw 7 of its levels.

You collected 486 gold pieces.

Inventory:

Hand Weapons
 a - a +0 broad axe (weapon)
 b - a +0 shortbow
 u - a +0 war axe
Missiles
 g - 53 stones
 l - 8 poisoned darts (quivered)
 C - 2 throwing nets
Armour
 o - a +0 pair of boots (worn)
 B - a +0 plate armour (worn)
 D - a +0 helmet (worn)
Jewellery
 k - an amulet of reflection (around neck)
 p - a +6 ring of dexterity (right hand)
 s - a +6 ring of dexterity (left hand)
 A - an amulet of regeneration
Scrolls
 d - a scroll of poison {unknown}
 e - 2 scrolls of vulnerability {unknown}
 f - a scroll of amnesia {unknown}
 h - a scroll of brand weapon {unknown}
 m - 2 scrolls of teleportation
 n - a scroll of enchant weapon {unknown}
 q - a scroll of magic mapping
 r - 2 scrolls of fear
 y - 2 scrolls of blinking
Potions
 c - 3 potions of attraction
 i - 7 potions of curing
 j - a potion of heal wounds {unknown}
 t - a potion of berserk rage {unknown}
 v - 4 potions of mutation
 w - a potion of flight {unknown}
 x - a potion of magic {unknown}
 z - a potion of resistance {unknown}
 E - a potion of ambrosia {unknown}
 F - 2 potions of degeneration {unknown}
 G - a potion of lignification {unknown}


   Skills:
 + Level 4.9 Fighting
 * Level 12.9 Axes
 + Level 4.2 Armour
 - Level 2.0 Dodging


You had 9 spell levels left.
You didn't know any spells.
Your spell library was empty.

Dungeon Overview and Level Annotations

Branches:
Dungeon (7/15)             Temple (0/1) D:7

Altars:
Ashenzari
Okawaru
Qazlal
Sif Muna
Vehumet
Wu Jian
The Shining One

Shops:
D:4 *

Annotations:
D:7 Dowan, Duvessa, Joseph


Message History

Joseph is heavily wounded.
You feel sick. Joseph hits you with a +0 quarterstaff.
* * * LOW HITPOINT WARNING * * *
You barely miss Joseph.
Joseph is heavily wounded.
You feel sick. Joseph hits you but does no damage.
You closely miss Joseph.
Joseph is heavily wounded.
You feel sick.
You are no longer poisoned.
Joseph hits you but does no damage.
You completely miss Joseph.
Joseph is heavily wounded.
Joseph hits you with a +0 quarterstaff.
* * * LOW HITPOINT WARNING * * *
You slash Joseph!
Joseph is severely wounded.
Your skin stops crawling.
You feel less strong-willed. You block Joseph's attack.
You slash Joseph!
Joseph is severely wounded.
Joseph hits you with a +0 quarterstaff.
* * * LOW HITPOINT WARNING * * *
You hit Joseph but do no damage.
Joseph is severely wounded.
You are no longer berserk.
You are exhausted.
You feel as though you will be slow longer.
Joseph closely misses you.
You closely miss Joseph.
Joseph is severely wounded.
Joseph hits you but does no damage.
You closely miss Joseph.
Joseph is severely wounded.
Joseph hits you with a +0 quarterstaff!
* * * LOW HITPOINT WARNING * * *
You hit Joseph but do no damage.
Joseph is severely wounded.
Joseph barely misses you. Joseph hits you with a +0 quarterstaff.
You die...

.....#'##.# # ##'##.....####
#...#........# #...#........+
'...#........# ####
###+#....###########.....
............P.#....'.....
.........P....+....# ...
.........P>P..##@###.....
........P.P.....@........
........PPPP.............
......................... #...
.........................##+##...
###########.....########. .......
#.....' #..# ...... #.....#. #..#
..... #####.....##'##..# ....


You could see Joseph.

Vanquished Creatures
  A hornet (D:7)
  Grinder (D:3)
  4 water moccasins
  2 ice beasts (D:7)
  An orc warrior (D:6)
  3 black bears
  3 centaurs
  4 phantoms
  2 kobold brigands
  A gnoll sergeant (D:6)
  3 scorpions
  A howler monkey (D:7)
  A gnoll bouda (D:6)
  A jelly (D:5)
  6 orc priests
  5 hounds
  6 iguanas
  An orc wizard (D:4)
  13 gnolls
  12 adders
  3 white imps
  4 worms
  3 dart slugs
  22 orcs
  8 ball pythons
  7 bats
  6 endoplasms
  5 giant cockroaches
  5 goblins
  4 hobgoblins
  4 jackals (D:1)
  16 kobolds
  5 quokkas
  4 frilled lizards
  7 rats
174 creatures vanquished.

Vanquished Creatures (others)
  8 plants (D:3)
8 creatures vanquished.

Grand Total: 182 creatures vanquished

Notes
Turn   | Place    | Note
-------+----------+-------------------------------------------
     0 | D:1      | EvilAshe the Human Berserker began the quest for the Orb.
     0 | D:1      | Reached XP level 1. HP: 18/18 MP: 1/1
   469 | D:2      | Reached XP level 2. HP: 19/24 MP: 2/2
   539 | D:2      | Found a faded altar of an unknown god.
   992 | D:1      | Reached skill level 4 in Axes
   992 | D:1      | Reached XP level 3. HP: 27/29 MP: 3/3
  1678 | D:2      | Reached XP level 4. HP: 35/35 MP: 4/4
  1864 | D:2      | Reached ** piety under Trog
  1933 | D:2      | Reached skill level 5 in Axes
  1981 | D:3      | Found a broken altar of Ashenzari.
  2071 | D:3      | Found a shimmering blue altar of Sif Muna.
  2315 | D:3      | Reached XP level 5. HP: 40/41 MP: 5/5
  2390 | D:3      | Noticed Grinder
  2415 | D:3      | Killed Grinder
  2416 | D:3      | Reached skill level 6 in Axes
  2416 | D:3      | Reached XP level 6. HP: 41/47 MP: 6/6
  2603 | D:3      | Reached skill level 7 in Axes
  2607 | D:3      | Reached XP level 7. HP: 47/52 MP: 7/7
  2830 | D:3      | Found a glowing golden altar of the Shining One.
  3827 | D:4      | Found Buixut's Serpentskin Sales.
  3827 | D:4      | Noticed a water moccasin
  3827 | D:4      | Noticed a water moccasin
  3835 | D:4      | Killed a water moccasin
  3836 | D:4      | Reached skill level 8 in Axes
  3840 | D:4      | Killed a water moccasin
  3842 | D:4      | Reached XP level 8. HP: 58/58 MP: 8/8
  3922 | D:4      | Reached skill level 9 in Axes
  3977 | D:5      | Entered Level 5 of the Dungeon
  4691 | D:5      | Reached skill level 10 in Axes
  4832 | D:5      | Reached XP level 9. HP: 47/63 MP: 9/9
  5031 | D:5      | Reached skill level 11 in Axes
  5562 | D:5      | Found an iron altar of Okawaru.
  5573 | D:5      | Found an ornate altar of the Wu Jian Council.
  5578 | D:5      | Found a stormy altar of Qazlal.
  5772 | D:5      | Found a radiant altar of Vehumet.
  6408 | D:6      | Reached *** piety under Trog
  6525 | D:6      | Reached skill level 12 in Axes
  7136 | D:7      | Noticed Duvessa
  7136 | D:7      | Noticed Dowan
  7342 | D:7      | Noticed Joseph
  7858 | D:7      | Reached XP level 10. HP: 68/72 MP: 10/10
  8233 | D:7      | Found a staircase to the Ecumenical Temple.
  8284 | D:7      | HP: 1/73 [Joseph/+0 quarterstaff (8)]
  8285 | D:7      | Slain by Joseph

Illustrated notes

Levels and vault maps discovered:
D:1:      minmay_arrival_nine_rooms, layout_loops_corners, serial_bayou_crossing
D:2:      layout_basic, hellmonk_ecumenical_altar_heavens_door
D:3:      minmay_general_purpose_star, layout_rooms, amcnicky_altar_gilded,
          mainiacjoe_overflow_catch_the_wave, serial_bayou_ford_a, uniq_grinder
D:4:      layout_basic, guppyfry_shop_venom
D:5:      layout_basic, lemuel_coloured_pillars_altar,
          minmay_overflow_temple_star_quad, minmay_joined_circles
D:6:      layout_loops_corners
D:7:      layout_gridville, zin_purify, minmay_temple_entry_overgrown,
          minmay_crossroads, uniq_duvessa, uniq_joseph

Skill      XL: |  1  2  3  4  5  6  7  8  9 10 |
---------------+-------------------------------+-----
Axes           | 4 5 6 7 8 10 12 | 12.9
Armour         | 3 4 |  4.2
Fighting       | 4 |  4.9
Dodging        | |  2.0

Action                   |  1- 3 |  4- 6 |  7- 9 | 10-12 || total
-------------------------+-------+-------+-------+-------++-------
Melee: Hand axe          |   109 |   117 |   276 |       ||   502
       Punch             |     1 |       |     6 |     2 ||     9
       War axe           |       |       |   111 |       ||   111
       Broad axe         |       |       |    12 |    62 ||    74
 Fire: Shortbow          |       |       |    12 |       ||    12
Throw: Dart              |       |       |     6 |       ||     6
       Stone             |       |       |     1 |       ||     1
Invok: Berserk           |     1 |     2 |     8 |     1 ||    12
       Trog's Hand       |       |     1 |     5 |     1 ||     7
  Use: Scroll            |       |       |     8 |       ||     8
       Potion            |       |       |     1 |       ||     1
Armor: Animal skin       |     8 |       |       |       ||     8
       Chain mail        |    49 |    42 |   141 |       ||   232
       Plate armour      |       |       |     3 |    26 ||    29
Dodge: Dodged            |    46 |    34 |   117 |    16 ||   213
Block: Other             |    24 |    28 |    69 |     7 ||   128
       Reflection        |       |     2 |     4 |       ||     6
